 Dungeon Crawl Stone Soup version 0.21.1-1-g345015f (webtiles) character file.

224 nuthulu the Shield-Bearer (level 6, -2/37 HPs)
             Began as a Gargoyle Fighter on Mar 25, 2018.
             Killed by divine providence
             ... invoked by an orc priest
              (12 damage)
             ... on level 3 of the Dungeon.
             The game lasted 00:08:03 (3472 turns).

nuthulu the Shield-Bearer (Gargoyle Fighter)        Turns: 3472, Time: 00:08:03

Health: -2/37      AC: 13    Str: 21    XL:     6   Next: 0%
Magic:  6/6        EV:  7    Int:  8    God:
Gold:   101        SH: 11    Dex: 10    Spells: 5/5 levels left

rFire    . . .     SeeInvis .   a - +1 flail
rCold    . . .     Gourm    .   c - +1 shield
rNeg     + . .     Faith    .   b - +0 scale mail
rPois    ∞         Spirit   .   g - +0 helmet
rElec    +         Reflect  .   (no cloak)
rCorr    +         Harm     .   i - +0 pair of gloves
MR       .....                  (no boots)
Stlth    ..........             (no amulet)
HPRegen  0.12/turn              e - ring of resist corrosion
MPRegen  0.10/turn              (no ring)

@: no status effects
A: negative energy resistance 1, electricity resistance, unbreathing,
petrification resistance, rot immunity, AC +4
a: no special abilities


You were on level 3 of the Dungeon.
You were hungry.

You visited 1 branch of the dungeon, and saw 3 of its levels.

You collected 101 gold pieces.

Inventory:

Hand Weapons
 a - a +1 flail (weapon)
Armour
 b - a +0 scale mail (worn)
 c - a +1 shield (worn)
 g - a +0 helmet (worn)
 i - a +0 pair of gloves (worn)
Jewellery
 e - a ring of resist corrosion (left hand)
Scrolls
 h - 2 scrolls of identify
Potions
 d - a potion of might
Comestibles
 f - 9 rations


   Skills:
 - Level 3.2 Fighting
 + Level 4.4 Maces & Flails
 - Level 3.2 Armour
 + Level 5.5 Shields


You had 5 spell levels left.
You didn't know any spells.

Dungeon Overview and Level Annotations

Branches:
Dungeon (3/15)

Altars:
Nemelex Xobeh


Innate Abilities, Weirdness & Mutations

You are resistant to torment.
Your stone body is resilient. (AC +4)
You are immune to poison.
You resist negative energy. (rN+)
You are resistant to electric shocks. (rElec)
You can survive without breathing.
You are immune to petrification.
You are immune to rotting.


Message History

The orc priest looks braver for a moment.
The orc priest mumbles some strange prayers to Beogh against you.
Beogh smites you!
The orc priest mumbles some strange prayers to Beogh against you.
Beogh smites you!
* * * LOW HITPOINT WARNING * * *
The orc wizard points at you and mumbles some strange words.
You are confused.
The orc wizard gestures wildly while chanting.
The orc wizard flickers and vanishes!
Deactivating autopickup; reactivate with Ctrl-A.
The orc hits you but does no damage.
You bump into the rock wall.
The orc priest looks encouraged for a moment.
The orc hits you but does no damage.
You're too confused to move!
You feel less confused.
The orc priest calls down the wrath of Beogh upon you.
Beogh smites you!
You die...

#...####.o........)....##.......#
##.## #..###'###.####.#####.####
...# ##.# #.# #.# #)# #.# ####
#.###.###.# #÷# #.#
##.o.._..'.####.#####.####
#[.#######................
#######..# ### #.####.##.#######
#........#######.........#
#.###.#.......o@.####.####
#.#...#...#.{.#######.#
##.#.#####.............#
...#...#...#o###########
.......#.....# ####.#...#####
#.##### ####.# .....#


You could see an orc priest and an orc.

Vanquished Creatures
  An orc priest (D:3)
  Robin (D:2)
  4 adders
  5 gnolls
  3 oozes (D:3)
  A worm (D:2)
  2 dart slugs
  A leopard gecko (D:3)
  5 orcs
  5 bats
  5 giant cockroaches
  14 goblins
  10 hobgoblins
  4 jackals (D:3)
  6 kobolds
  A quokka (D:2)
  2 ball pythons
  4 frilled lizards
  3 rats (D:1)
77 creatures vanquished.

Notes
Turn   | Place    | Note
-------+----------+-------------------------------------------
     0 | D:1      | nuthulu the Gargoyle Fighter began the quest for the Orb.
     0 | D:1      | Reached XP level 1. HP: 14/14 MP: 1/1
   148 | D:1      | Reached XP level 2. HP: 17/19 MP: 2/2
   492 | D:1      | Reached XP level 3. HP: 22/23 MP: 3/3
   572 | D:1      | Reached skill level 4 in Shields
   944 | D:2      | Noticed Robin
  1001 | D:2      | HP: 1/23 [Robin/enchanted club (4)]
  1010 | D:2      | Killed Robin
  1386 | D:2      | Reached XP level 4. HP: 26/28 MP: 4/4
  2198 | D:3      | Reached XP level 5. HP: 32/32 MP: 5/5
  2375 | D:3      | Found a faded altar of an unknown god.
  2455 | D:3      | Reached skill level 5 in Shields
  2882 | D:3      | Found a sparkling altar of Nemelex Xobeh.
  3452 | D:3      | Reached XP level 6. HP: 37/37 MP: 6/6
  3472 | D:3      | Killed from afar by an orc priest

Skill      XL: |  1  2  3  4  5 |
---------------+----------------+-----
Shields        | 4 5 |  5.5
Maces & Flails | 3 4 |  4.4
Fighting       | |  3.2
Armour         | |  3.2

Action                   |  1- 3 |  4- 6 || total
-------------------------+-------+-------++-------
Melee: Flail             |   123 |   198 ||   321
  Use: Scroll            |     4 |     1 ||     5
  Eat: Chunk             |     1 |     7 ||     8
Armor: Scale mail        |    70 |   109 ||   179
Dodge: Dodged            |    39 |    74 ||   113
Block: Shield            |    70 |   129 ||   199
